 Dungeon Crawl Stone Soup version 0.29.0-4-gdea44cf6ec (webtiles) character file.

Game seed: 11201925518390801854

14 qw the Chopper (level 2, 0/17 HPs)
             Began as a Tengu Warper on Aug 28, 2022.
             Succumbed to their own poison gas
             ... on level 1 of the Dungeon.
             The game lasted 00:00:03 (692 turns).

qw the Chopper (Tengu Warper)                        Turns: 692, Time: 00:00:04

Health: 0/17       AC:  6    Str: 11    XL:     2   Next: 41%
Magic:  6/6        EV: 10    Int: 13    God:
Gold:   26         SH:  3    Dex: 13    Spells: 5/5 levels left

rFire   . . .      SeeInvis .   Y - +1 hand axe
rCold   . . .      Faith    .   m - +0 buckler
rNeg    . . .      Spirit   .   o - +0 ring mail
rPois   .          Reflect  .   (helmet restricted)
rElec   .          Harm     .   g - +0 cloak
rCorr   .          Rampage  .   (no gloves)
Will    .....                   (boots unavailable)
Stlth   +.........              (no amulet)
HPRegen 0.05/turn               (no ring)
MPRegen 0.10/turn               (no ring)

@: lethally poisoned (0 -> -5), weak-willed
A: beak, talons 3
a: no special abilities


You were on level 1 of the Dungeon.
You visited 1 branch of the dungeon, and saw 1 of its levels.

You collected 26 gold pieces.


Innate Abilities, Weirdness & Mutations

You have a beak for a mouth.
You have claws for feet.


   Skills:
 - Level 2.0 Fighting
 - Level 3.3 Axes
 - Level 1.0 Throwing
 - Level 1.1 Armour
 - Level 2.1 Dodging
 + Level 0.0 Shields
 - Level 2.0 Spellcasting
 - Level 2.4 Translocations


You had 5 spell levels left.
You didn't know any spells.
Your spell library contained the following spells:

 Spells                   Type           Power      Damage    Failure   Level
 Blink                    Tloc           14%        N/A       43%         2
 Gell's Gravitas          Tloc           7%         N/A       67%         3
 Lesser Beckoning         Tloc           7%         N/A       67%         3
 Teleport Other           Tloc           7%         N/A       67%         3
 Manifold Assault         Tloc           7%         N/A       100%        5

Inventory:

Hand Weapons
 f - a +0 club
 Y - a +1 hand axe (weapon)
Missiles
 p - 5 javelins (quivered)
Armour
 g - a +0 cloak (worn)
 m - a +0 buckler (worn)
 o - a +0 ring mail (worn)
Scrolls
 a - a scroll of identify
Potions
 h - a potion of heal wounds {unknown}

Dungeon Overview and Level Annotations

Branches:
Dungeon (1/15)

Altars:

Shops:
D:1 *


Message History

Your hobgoblin is poisoned.
You kill your hobgoblin!
Your hobgoblin's corpse dissolves into shadows!
Your rat is engulfed in poison gas.
Your rat is poisoned.
683 ||| READING scroll labelled DEASUICVAO.
As you read the scroll labelled DEASUICVAO, it crumbles to dust.
Magic quickly surges around you.
It was a scroll of vulnerability.
Your rat is engulfed in poison gas.
Your rat looks even sicker.
You kill your rat!
Your rat's corpse dissolves into shadows!
684 ||| READING scroll labelled INALIS HAOGUTWAM.
As you read the scroll labelled INALIS HAOGUTWAM, it crumbles to dust.
You assume a fearsome visage.
Nothing appears to happen.
It was a scroll of fear.
685 ||| DROPPING scroll of blinking.
You drop a scroll of blinking.
(D) Dungeon
Where to? (* - list waypoints, ? - help)
What level of the Dungeon? (default 1, ? - help) Sorry, I don't know how to get there.
686 ||| Stepping randomly (stuck).
Really walk into that cloud of poison gas?
You are engulfed in poison gas.
You are lethally poisoned!
You feel very sick.
687 ||| Stepping ~*~*~tactically~*~*~ (cloud).
You feel very sick.
Things that are here:
a scroll of blinking; a +0 leather armour
There is a lethal amount of poison in your body!
You feel very sick.
There is a lethal amount of poison in your body!
You feel sick.
There is a lethal amount of poison in your body!
You feel sick.
There is a lethal amount of poison in your body!
You feel sick.
There is a lethal amount of poison in your body!
You die...

.#.#.#.######## #.#
..............# #.#
..###..######.# #.# #### ......##
#.# #.# #... .###### #.# #.# #)##
.# #.# #.#### #.# .## ########.#
#....# #.# ..#
#........############.###.##
#.####.#########@¤.0000.........#
#...##^# #0##############.#
###.##.#########¤# #.#
#>..##.........00# #.#
#.####.########### #.# ..# #.#
#.# ### #.# #.# #.# #.#
###.########## #.#


There were no monsters in sight!

Vanquished Creatures
  A bat (D:1)
  2 giant cockroaches (D:1)
  2 goblins (D:1)
  2 hobgoblins (D:1)
  2 ball pythons (D:1)
  A frilled lizard (D:1)
  2 rats (D:1)
12 creatures vanquished.

Notes
Turn   | Place    | Note
-------+----------+-------------------------------------------
     0 | D:1      | qw the Tengu Warper began the quest for the Orb.
     0 | D:1      | Reached XP level 1. HP: 12/12 MP: 4/4
     0 | D:1      | 0 ||| qw: Version: 0.1-a-89-g26bdef1
     0 | D:1      | 0 ||| qw: Game counter: 2155
     0 | D:1      | 0 ||| qw: Always use a shield: true
     0 | D:1      | 0 ||| qw: God list: Okawaru
     0 | D:1      | 0 ||| qw: Allow faded altars: false
     0 | D:1      | 0 ||| qw: Do Orc after D:15 true
     0 | D:1      | 0 ||| qw: Do second Lair branch before Depths: true
     0 | D:1      | 0 ||| qw: Lair rune preference: random
     0 | D:1      | 0 ||| qw: Plans: Normal
     0 | D:1      | 0 ||| PLANNING D:1-11
   251 | D:1      | Reached XP level 2. HP: 17/17 MP: 6/6
   266 | D:1      | Reached skill level 3 in Axes
   266 | D:1      | Found Voig's Assorted Antiques.
   284 | D:1      | 284 ||| SHOPLISTING glowing plate armour (468 gold, have
                  | 12).
   284 | D:1      | 284 ||| SHOPLISTING kite shield (81 gold, have 12).
   284 | D:1      | 284 ||| SHOPLISTING scroll labelled KAIGGOATRE (18 gold,
                  | have 12).
   284 | D:1      | 284 ||| SHOPLISTING scroll labelled RENINORANO (18 gold,
                  | have 12).
   284 | D:1      | 284 ||| SHOPLISTING scroll labelled ZEVUCK FECUNITT (18
                  | gold, have 12).
   302 | D:1      | 302 ||| Stepping ~*~*~tactically~*~*~ (stealth).
   347 | D:1      | Found a faded altar of an unknown god.
   657 | D:1      | 657 ||| UPGRADING to +0 cloak.
   662 | D:1      | 662 ||| UPGRADING to +0 buckler.
   667 | D:1      | 667 ||| UPGRADING to +0 ring mail.
   677 | D:1      | 677 ||| DROPPING +0 leather armour.
   678 | D:1      | 678 ||| READING 2 scrolls labelled RENINORANO.
   679 | D:1      | 679 ||| READING scroll labelled XIBOT BIWOG.
   680 | D:1      | 680 ||| READING scroll labelled PIBBESYIRA.
   681 | D:1      | 681 ||| READING scroll labelled NONOIDGH YDGHUH.
   682 | D:1      | 682 ||| READING scroll labelled CEDOMA RAINTU.
   683 | D:1      | 683 ||| READING scroll labelled DEASUICVAO.
   684 | D:1      | 684 ||| READING scroll labelled INALIS HAOGUTWAM.
   685 | D:1      | 685 ||| DROPPING scroll of blinking.
   686 | D:1      | 686 ||| Stepping randomly (stuck).
   687 | D:1      | 687 ||| Stepping ~*~*~tactically~*~*~ (cloud).
   689 | D:1      | HP: 4/17 [poisoned by you (poison gas)]
   691 | D:1      | HP: 1/17 [poisoned by you (poison gas)]
   692 | D:1      | Succumbed to their own poison gas

Levels and vault maps discovered:
D:1:      giann_bridges, layout_loops_ring, shapermc_ecumenical_altar_rom_forum,
          serial_glass, glass_columns_b, glass_columns_b, serial_shops, shop

Skill      XL: |  1  2 |
---------------+-------+-----
Axes           | 3 |  3.3
Fighting       | |  2.0
Throwing       | |  1.0
Armour         | |  1.1
Dodging        | |  2.1
Spellcasting   | |  2.0
Translocations | |  2.4

Action                   || total
-------------------------++-------
Melee: Hand axe          ||    15
       Kick              ||     3
       Peck              ||     2
       Punch             ||     1
Throw: Boomerang         ||     7
  Use: Scroll            ||     7
Armor: Leather armour    ||     3
Dodge: Dodged            ||     6

Table legend:
 A = Non-vault XP
 B = Vault XP
 C = Vault XP percentage of total XP
 D = Non-vault monster count
 E = Vault monster count
 F = Vault count percentage of total count
                 A         B        C        D         E       F
            +---------+---------+-------+---------+---------+-------
      Total |      20 |       0 |   0.0 |      12 |       0 |   0.0
            +---------+---------+-------+---------+---------+-------
        D:1 |      20 |       0 |   0.0 |      12 |       0 |   0.0
            +---------+---------+-------+---------+---------+-------
